[gd_scene load_steps=6 format=3 uid="uid://dwx720pvepxpr"]

[ext_resource type="Script" path="res://main.gd" id="1_ph20t"]
[ext_resource type="PackedScene" uid="uid://duegk4tofgiw6" path="res://player.tscn" id="1_y8cf1"]
[ext_resource type="PackedScene" uid="uid://lru4jclwtm6m" path="res://mob.tscn" id="2_l8u5c"]
[ext_resource type="PackedScene" uid="uid://blc4mghonxm40" path="res://hud.tscn" id="4_68me6"]

[sub_resource type="Curve2D" id="Curve2D_r4cfh"]
_data = {
"points": PackedVector2Array(0, 0, 0, 0, 1, -1, 0, 0, 0, 0, 481, 2, 0, 0, 0, 0, 481, 724, 0, 0, 0, 0, -1, 723, 0, 0, 0, 0, 1, -1)
}
point_count = 5

[node name="Main" type="Node"]
script = ExtResource("1_ph20t")
mob_scene = ExtResource("2_l8u5c")

[node name="Player" parent="." instance=ExtResource("1_y8cf1")]

[node name="MobTimer" type="Timer" parent="."]
wait_time = 0.5

[node name="ScoreTimer" type="Timer" parent="."]

[node name="StartTimer" type="Timer" parent="."]
wait_time = 2.0
one_shot = true

[node name="StartPosition" type="Marker2D" parent="."]
position = Vector2(240, 450)

[node name="MobPath" type="Path2D" parent="."]
curve = SubResource("Curve2D_r4cfh")

[node name="MobSpawnLocation" type="PathFollow2D" parent="MobPath"]
position = Vector2(1, -1)
rotation = 0.00624992

[node name="HUD" parent="." instance=ExtResource("4_68me6")]

[connection signal="hit" from="Player" to="." method="game_over"]
[connection signal="hit" from="Player" to="." method="new_game"]
[connection signal="timeout" from="MobTimer" to="." method="_on_mob_timer_timeout"]
[connection signal="timeout" from="ScoreTimer" to="." method="_on_score_timer_timeout"]
[connection signal="timeout" from="StartTimer" to="." method="_on_start_timer_timeout"]
[connection signal="start_game" from="HUD" to="." method="new_game"]
